 Dungeon Crawl Stone Soup version 0.21.1-1-g345015fe64 (webtiles) character file.

71 Htamos the Chopper (level 4, 0/39 HPs)
             Began as a Minotaur Fighter on July 11, 2018.
             Slain by Sigmund
             ... wielding a +0 scythe
              (4 damage)
             ... on level 2 of the Dungeon.
             The game lasted 00:03:17 (1325 turns).

Htamos the Chopper (Minotaur Fighter)               Turns: 1325, Time: 00:03:18

Health: 0/39       AC:  5    Str: 27    XL:     4   Next: 5%
Magic:  3/3        EV:  8    Int:  5    God:
Gold:   73         SH: 10    Dex:  9    Spells: 3/3 levels left

rFire    + . .     SeeInvis .   a - +0 war axe
rCold    + . .     Gourm    .   c - +0 shield
rNeg     . . .     Faith    .   g - +0 ring mail
rPois    .         Spirit   .   (helmet restricted)
rElec    .         Reflect  .   n - scarf {rC+ rF+}
rCorr    .         Harm     .   (no gloves)
MR       .....                  (no boots)
Stlth    ..........             (no amulet)
HPRegen  0.13/turn              (no ring)
MPRegen  0.08/turn              (no ring)

@: mighty
A: retaliatory headbutt, horns 2
a: no special abilities


You were on level 2 of the Dungeon.
You were hungry.

You visited 1 branch of the dungeon, and saw 2 of its levels.

You collected 73 gold pieces.

Inventory:

Hand Weapons
 a - a +0 war axe (weapon)
 i - a -1 short sword
Missiles
 e - 83 stones (quivered)
Armour
 b - a +0 scale mail
 c - a +0 shield (worn)
 g - a +0 ring mail (worn)
 n - a scarf of resistance (worn)
Jewellery
 l - an uncursed amulet of the gourmand {unknown}
Potions
 h - 2 potions of mutation
 j - a potion of brilliance {unknown}
 k - a potion of degeneration {unknown}
Comestibles
 f - 2 rations


   Skills:
 - Level 3.6 Fighting
 + Level 5.3 Axes
 - Level 3.6 Armour
 - Level 3.6 Shields


You had 3 spell levels left.
You didn't know any spells.

Dungeon Overview and Level Annotations

Branches:
Dungeon (2/15)

Altars:

Annotations:
D:2 Sigmund


Innate Abilities, Weirdness & Mutations

You reflexively headbutt those who attack you in melee.
You have a pair of horns on your head.


Message History

You miss something. Something hits you.
An orc wizard comes into view. It is wielding a dagger.
You miss something. Something hits you!
You closely miss something. You block something's attack.
You slash something! Your headbutt misses something.
You hear some strange, mumbled words.
Something tries to affect you, but you resist.
You barely miss something. Something hits you!
You closely miss something. Your headbutt misses something.
The orc wizard gestures wildly while chanting.
The orc wizard seems to speed up.
Something hits you.
You hear a shout!
You feel very mighty all of a sudden. Something hits you!
* * * LOW HITPOINT WARNING * * *
You closely miss something.
The orc wizard gestures wildly while chanting.
The orc wizard seems to speed up.
You closely miss something. Something hits you.
You die...

###### .....#
####.######
####.##)..# ###
#.......#.#######.#
#.##.####.......@#.#
#.##.# #########{##
.....# r# #.#.## o.
..#.# ##. ..#.# #.
#.#.# #. #.#.# .#
.....


You could see an orc wizard and a rat.

Vanquished Creatures
  2 adders (D:2)
  An ooze (D:1)
  A dart slug (D:2)
  4 leopard geckos
  2 giant cockroaches (D:1)
  7 hobgoblins
  3 kobolds
  A quokka (D:2)
  5 bats
  3 frilled lizards
  7 goblins
  7 rats
43 creatures vanquished.

Notes
Turn   | Place    | Note
-------+----------+-------------------------------------------
     0 | D:1      | Htamos the Minotaur Fighter began the quest for the Orb.
     0 | D:1      | Reached XP level 1. HP: 19/19 MP: 0/0
   166 | D:1      | Reached skill level 3 in Axes
   168 | D:1      | Reached XP level 2. HP: 21/26 MP: 1/1
   305 | D:1      | Reached skill level 4 in Axes
   674 | D:2      | Reached XP level 3. HP: 31/31 MP: 2/2
  1049 | D:2      | Reached skill level 5 in Axes
  1226 | D:2      | Reached XP level 4. HP: 34/39 MP: 3/3
  1307 | D:2      | Noticed Sigmund
  1325 | D:2      | Slain by Sigmund

Skill      XL: |  1  2  3 |
---------------+----------+-----
Axes           | 3 4 5 |  5.3
Fighting       | |  3.6
Armour         | |  3.6
Shields        | |  3.6

Action                   |  1- 3 |  4- 6 || total
-------------------------+-------+-------++-------
Melee: War axe           |    13 |    14 ||    27
       Headbutt          |    20 |     1 ||    21
       Short sword       |   115 |       ||   115
  Use: Scroll            |     3 |     1 ||     4
       Potion            |       |     1 ||     1
  Eat: Chunk             |     1 |       ||     1
Armor: Scale mail        |    21 |       ||    21
       Ring mail         |    22 |       ||    22
Dodge: Dodged            |    32 |     1 ||    33
Block: Shield            |    57 |     4 ||    61
